AoeStats
← VL Arcenick

Fortress

510211073Analyzed
4v4 RM · 2d ago on Sep 30, 2026· 54m 6s· 8 players
Game mode
Random Map
Map size
Huge
Population
200
Speed
Normal
Resources
Standard
Victory
Conquest
Starting age
Dark Age
Ending age
Imperial Age
RankedLock teamsTeams togetherTeam positionsShared explorationLock speedFull tech treeHidden civsTurbo modeCheats
Victory
Defeat
🇦🇷 Portuguese · Argentina
1618
+15
🇦🇷 Khmer · Argentina
1601
+16
🇵🇪 Vietnamese · Peru
1571
+17
🇲🇽 Varangians · Mexico
1537
+18
🇨🇴 Britons · Colombia
1715
-21
🇺🇸 Italians · United States
1643
-19
🇨🇴 Bohemians · Colombia
1510
-13
🇨🇴 Lithuanians · Colombia
1505
-13
Didi
1:01 Loom
8:21 Feudal Age
11:59 Castle Age
9:46 Double-Bit Axe
10:33 Gold Mining
10:55 Horse Collar
16:52 Wheelbarrow
18:25 Town Watch
22:26 Hand Cart
24:13 Bow Saw
26:13 Fortified Wall
25:39 Elite Skirmisher
29:18 Imperial Age
27:48 Fletching
27:58 Padded Archer Armor
28:20 Ballistics
28:40 Bodkin Arrow
30:06 Leather Archer Armor
30:10 Bracer
30:52 Scale Mail Armor
32:33 Chemistry
31:43 Masonry
31:38 Pikeman
33:00 Halberdier
35:36 Ring Archer Armor
35:16 Forging
35:22 Chain Mail Armor
34:59 Imperial Skirmisher
36:31 Conscription
36:13 Circumnavigation
37:35 Thumb Ring
38:44 Iron Casting
41:35 Blast Furnace
41:09 Plate Mail Armor
43:48 Arquebus
45:50 Siege Engineers
MasteRk
7:34 Feudal Age
12:08 Castle Age
10:16 Double-Bit Axe
10:47 Horse Collar
12:25 Town Watch
13:19 Bow Saw
13:10 Heavy Plow
15:40 Loom
18:11 Fletching
19:29 Wheelbarrow
19:00 Gold Mining
20:14 Padded Archer Armor
20:45 Stone Mining
21:21 Bodkin Arrow
22:55 Leather Archer Armor
26:46 Imperial Age
25:52 Ballistics
25:24 Elite Skirmisher
27:18 Thumb Ring
28:33 Chemistry
28:50 Two-Man Saw
28:29 Bracer
28:13 Imperial Skirmisher
29:53 Ring Archer Armor
29:23 Treadmill Crane
30:07 Caravan
31:20 Coinage
31:10 Siege Engineers
32:18 Scale Mail Armor
34:23 Masonry
34:46 Hand Cart
34:32 Town Patrol
39:50 Paper Money
40:06 Hoardings
39:44 Heavy Cavalry Archer
41:12 Stone Shaft Mining
44:33 Murder Holes
44:34 Elite Rattan Archer
46:33 Scale Barding Armor
47:43 Chain Barding Armor
47:35 Bloodlines
47:26 Husbandry
46:48 Elite Battle Elephant
49:45 Plate Barding Armor
49:21 Forging
53:43 Iron Casting
53:36 Chatras
таҗик
7:32 Feudal Age
10:43 Castle Age
8:40 Double-Bit Axe
8:57 Horse Collar
13:44 Wheelbarrow
15:27 Fervor
15:56 Town Watch
16:13 Loom
17:57 Bow Saw
19:11 Heavy Plow
18:57 Loom
20:08 Wheelbarrow
21:03 Gold Mining
21:04 Stone Mining
25:14 Imperial Age
22:51 Husbandry
23:50 Forging
23:46 Scale Barding Armor
23:59 Hand Cart
25:25 Chain Barding Armor
25:41 Iron Casting
26:47 Plate Barding Armor
27:13 Conscription
28:13 Blast Furnace
30:10 Bloodlines
29:31 Elite Battle Elephant
30:34 Tusk Swords
30:43 Tusk Swords
33:36 Light Cavalry
34:51 Caravan
35:57 Coinage
36:54 Hussar
40:41 Fletching
44:06 Padded Archer Armor
45:41 Ballistics
45:09 Elite Ballista Elephant
47:34 Chemistry
46:40 Siege Engineers
48:01 Bodkin Arrow
49:46 Double Crossbow
53:17 Leather Archer Armor
eloysuarez93
6:45 Feudal Age
11:39 Castle Age
10:10 Double-Bit Axe
10:06 Horse Collar
12:40 Bow Saw
12:31 Heavy Plow
15:16 Loom
18:42 Wheelbarrow
18:36 Gold Mining
19:51 Stone Mining
20:48 Hand Cart
20:18 Town Watch
25:25 Imperial Age
23:14 Scale Mail Armor
23:45 Forging
24:10 Chain Mail Armor
23:56 Squires
23:46 Arson
25:33 Iron Casting
26:27 Conscription
25:28 Gothikon
25:31 Capped Ram
25:33 Elite Varangian Guard
27:18 Plate Mail Armor
28:19 Blast Furnace
29:13 Two-Man Saw
29:27 Crop Rotation
29:58 Stone Shaft Mining
29:51 Fletching
30:34 Siege Ram
33:31 Bodkin Arrow
35:53 Bloodlines
35:44 Husbandry
35:05 Light Cavalry
35:53 Scale Barding Armor
35:49 Bracer
36:02 Masonry
36:13 Ballistics
37:10 Chain Barding Armor
37:08 Caravan
37:02 Hussar
39:46 Plate Barding Armor
43:25 Elite Jarl
45:49 Coinage
48:30 Banking
51:35 Siege Engineers
52:01 Architecture
52:32 Chemistry
51:31 Murder Holes
VL SlenderMan
8:09 Feudal Age
9:27 Double-Bit Axe
12:04 Castle Age
10:05 Gold Mining
10:16 Horse Collar
12:58 Bow Saw
12:59 Heavy Plow
14:29 Wheelbarrow
16:34 Fletching
16:48 Stone Mining
19:25 Hand Cart
20:59 Stone Shaft Mining
25:48 Imperial Age
23:46 Bodkin Arrow
26:12 Scale Barding Armor
26:56 Silk Road
26:42 Caravan
26:57 Guilds
28:09 Chemistry
27:49 Bracer
28:09 Padded Archer Armor
28:31 Conscription
30:08 Leather Archer Armor
31:59 Pirotechnia
31:32 Elite Skirmisher
32:51 Ring Archer Armor
34:47 Masonry
35:03 Onager
36:12 Ballistics
41:06 Architecture
43:41 Loom
45:06 Thumb Ring
45:03 Scale Mail Armor
47:48 Light Cavalry
VL Arcenick
6:52 Feudal Age
11:00 Castle Age
10:15 Double-Bit Axe
10:13 Horse Collar
14:03 Bow Saw
13:40 Loom
14:46 Scale Barding Armor
14:20 Light Cavalry
15:15 Fervor
15:35 Husbandry
18:19 Gold Mining
18:19 Stone Mining
19:05 Wheelbarrow
20:01 Chain Barding Armor
21:56 Heavy Plow
24:14 Bloodlines
28:14 Imperial Age
25:41 Town Watch
27:06 Forging
29:16 Elite Leitis
30:48 Conscription
32:06 Plate Barding Armor
32:13 Scale Mail Armor
31:41 Pikeman
33:38 Padded Archer Armor
33:55 Chain Mail Armor
34:17 Iron Casting
33:03 Halberdier
33:37 Treadmill Crane
35:21 Tower Shields
38:11 Squires
38:45 Hand Cart
48:42 Chemistry
VL Retember
7:47 Feudal Age
11:21 Castle Age
9:42 Double-Bit Axe
9:43 Horse Collar
11:02 Town Watch
12:56 Bow Saw
18:43 Wheelbarrow
23:40 Imperial Age
21:29 Gold Mining
21:48 Fletching
22:27 Bodkin Arrow
22:57 Hand Cart
22:28 Loom
24:02 Ballistics
23:45 Padded Archer Armor
26:17 Chemistry
25:22 Bracer
26:15 Town Watch
27:50 Conscription
28:24 Warwolf
28:49 Elite Longbowman
31:20 Leather Archer Armor
31:54 Yeomen
32:31 Treadmill Crane
32:59 Siege Engineers
33:47 Murder Holes
33:29 Pikeman
34:10 Squires
34:11 Scale Mail Armor
34:22 Forging
34:18 Halberdier
35:15 Chain Mail Armor
35:46 Ring Archer Armor
35:31 Stone Mining
36:56 Plate Mail Armor
37:01 Iron Casting
37:10 Heavy Plow
37:32 Fortified Wall
38:14 Iron Casting
39:21 Caravan
39:52 Coinage
41:17 Blast Furnace
40:32 Masonry
41:59 Two-Man Saw
44:08 Architecture
43:19 Treadmill Crane
44:13 Banking
43:54 Guilds
44:26 Hoardings
VL Formolin
8:29 Feudal Age
12:11 Castle Age
10:23 Double-Bit Axe
10:23 Horse Collar
13:03 Bow Saw
14:21 Fervor
19:19 Wheelbarrow
18:29 Loom
20:53 Hand Cart
25:26 Imperial Age
27:07 Chemistry
27:43 Heavy Plow
29:12 Masonry
29:25 Elite Hussite Wagon
31:51 Elite Hussite Wagon
32:37 Wagenburg Tactics
32:53 Conscription
36:20 Two-Man Saw
36:12 Conscription
37:56 Caravan
39:34 Fortified Wall
49:37 Pikeman
50:18 Squires
52:05 Halberdier
Connection lost

Rejoining the realm…

Still unreachable

The connection could not be restored.

Session expired

The server has moved on; the page needs a fresh start.